Map: Alcyone LE

Players

Subwayeatn - Winner!

  • Race: Zerg Zerg
  • League: Platinum
  • Spawn Location: 7:00

LeoMackay

  • Race: Terran Terran
  • League: Platinum
  • Spawn Location: 1:00

VOD

Have the link to the VOD?

Description

Time

  • Played on: Nov. 7, 2023, 5:15 p.m.
  • Length: 21:43
Show
View Real Time Build Order
Export as new Build Order

Subwayeatn Zerg - Winner!

Build Orders: Hatch First 

Get SALT Encoding   

  12  0:00  Drone  
  13  0:12  Overlord  
  13  0:18  Drone  
  14  0:31  Drone x2  
  16  0:48  Hatchery  
  15  0:53  Drone  
  15  0:55  Drone  
  17  0:58  Drone  
  17  1:02  Extractor  
  17  1:15  Spawning Pool  
  16  1:18  Drone  
  16  1:22  Drone  
  18  1:28  Drone  
  19  1:40  Drone  
  20  1:50  Overlord  
  20  2:05  Queen  
  20  2:06  Queen  
  20  2:08  Zergling x2  
  25  2:09  Zergling x2  
  25  2:15  Zergling x4  
  28  2:18  Metabolic Boost  
  28  2:28  Zergling x4  
  29  2:39  Zergling x4  
  31  2:46  Queen  
  32  3:07  Overlord  
  32  3:09  Drone x4  
  36  3:19  Overlord  
  35  3:21  Overlord  
  34  3:43  Zergling x4  
  34  3:44  Zergling x8  
  38  4:07  Drone x4  
  42  4:18  Baneling Nest  
  41  4:24  Drone x8  
  41  4:26  Spine Crawler x2  
  47  4:36  Drone x2  
  49  4:39  Queen  
  49  4:40  Queen  
  51  4:56  Zergling x8  
  51  4:57  Zergling x8  
  59  5:09  Overlord x2  
  59  5:15  Hatchery  
  59  5:16  Lair  
  44  5:54  Spine Crawler  
  44  5:55  Spine Crawler  
  42  5:58  Spine Crawler  
  42  5:59  Drone x3  
  42  6:00  Drone x8  
  42  6:03  Extractor  
  42  6:04  Queen  
  51  6:08  Overlord  
  53  6:19  Centrifugal Hooks  
  53  6:24  Roach Warren  
  52  6:26  Spore Crawler  
  52  6:31  Drone x2  
  52  6:32  Hydralisk Den  
  52  6:34  Extractor  
  52  6:35  Drone x2, Extractor  
  52  6:36  Drone x8  
  52  6:39  Queen  
  62  6:49  Zergling x6  
  62  6:50  Spine Crawler  
  62  6:52  Overseer, Spine Crawler  
  63  6:58  Spine Crawler  
  63  7:00  Queen  
  64  7:04  Glial Reconstitution  
  64  7:08  Grooved Spines  
  64  7:10  Drone x3  
  64  7:11  Drone x2  
  64  7:12  Drone  
  70  7:29  Roach x5  
  81  7:30  Roach  
  81  7:40  Drone  
  82  8:00  Hydralisk  
  82  8:03  Overlord x3  
  79  8:06  Muscular Augments  
  79  8:11  Hydralisk x3  
  79  8:31  Drone  
  79  8:32  Drone x3  
  83  8:35  Spore Crawler x3  
  83  8:37  Drone x3, Spore Crawler x2  
  83  8:38  Spore Crawler  
  80  8:41  Spore Crawler  
  80  8:42  Drone x2  
  80  8:43  Drone x2, Spore Crawler  
  82  9:10  Hydralisk  
  82  9:11  Hydralisk x11  
  103  9:17  Queen  
  103  9:23  Overlord  
  103  9:24  Overlord x2  
  105  9:34  Overlord  
  105  9:41  Queen x2  
  105  9:45  Drone x5  
  114  9:58  Zergling x2  
  114  9:59  Zergling x8  
  119  10:08  Pneumatized Carapace  
  112  10:32  Roach  
  112  10:33  Roach x3  
  112  10:34  Hydralisk  
  112  10:35  Hydralisk x8  
  126  10:48  Drone x2  
  126  10:49  Extractor, Drone x4  
  116  10:50  Extractor  
  108  11:08  Overlord x3  
  108  11:10  Extractor  
  108  11:11  Hatchery  
  106  11:12  Zergling x2  
  106  11:13  Zergling x4  
  106  11:16  Overseer  
  109  11:20  Hydralisk  
  109  11:21  Hydralisk x4  
  105  11:42  Overlord  
  105  11:43  Overlord  
  105  11:45  Drone x6  
  107  12:14  Queen x3  
  112  12:18  Extractor  
  112  12:19  Roach  
  112  12:20  Roach x9  
  131  12:26  Evolution Chamber  
  131  12:29  Evolution Chamber  
  110  12:49  Drone x3  
  110  12:50  Queen x3  
  110  12:51  Drone x3  
  122  12:58  Drone  
  122  12:59  Drone x3  
  122  13:02  Drone x2  
  122  13:03  Queen  
  130  13:10  Zerg Missile Weapons Level 1  
  130  13:11  Zerg Ground Armor Level 1  
  130  13:20  Hydralisk x11  
  130  13:25  Queen x2  
  156  13:34  Spire  
  156  13:35  Drone x3  
  156  13:38  Overseer  
  158  13:41  Zergling x2  
  158  13:44  Overlord  
  158  13:47  Burrow  
  146  14:22  Zergling x8  
  146  14:23  Zergling x6  
  153  14:35  Queen x3  
  159  14:41  Unknown  
  159  14:45  Hatchery  
  157  14:54  Corruptor x5  
  167  15:05  Zerg Missile Weapons Level 2  
  167  15:14  Overlord x4  
  166  15:28  Corruptor  
  127  16:00  Corruptor  
  127  16:01  Corruptor x17  
  127  16:02  Corruptor  
  153  16:14  Overseer x2  
  153  16:15  Infestation Pit  
  148  16:29  Corruptor  
  148  16:30  Corruptor x2  
  132  16:44  Zerg Flyer Weapons Level 1  
  132  16:55  Lurker Den  
  132  17:00  Drone x3  
  134  17:01  Drone  
  134  17:02  Drone x14  
  149  17:08  Spine Crawler  
  148  17:15  Queen  
  148  17:16  Queen x4  
  148  17:18  Hydralisk x7  
  148  17:20  Hatchery  
  171  17:25  Hatchery  
  170  17:31  Zergling x2  
  171  17:45  Hydralisk x5  
  171  17:46  Hydralisk x3  
  187  17:51  Queen  
  189  18:00  Lurker  
  189  18:01  Lurker x6  
  196  18:07  Roach x2  
  200  18:39  Zerg Flyer Armor Level 1  
  119  19:02  Corruptor  
  119  19:03  Corruptor x13  
  119  19:04  Corruptor  
  119  19:09  Drone x3  
  152  19:10  Drone x4  
  152  19:15  Extractor x2  
  154  19:17  Hydralisk x5  
  154  19:18  Hydralisk  
  166  19:25  Queen  
  168  19:41  Corruptor  
  168  19:42  Corruptor x4  
  168  19:45  Hydralisk x3  
  178  19:46  Hydralisk  
  178  19:50  Zergling x4  
  178  19:51  Zergling x12  
  170  20:40  Hydralisk  
  170  20:41  Hydralisk x16  
  196  21:05  Queen  
  198  21:16  Roach  
  198  21:17  Roach x2  
Show
View Real Time Build Order
Export as new Build Order

LeoMackay Terran 

Build Orders: Reaper Expand 

Get SALT Encoding   

  12  0:00  SCV  
  13  0:12  SCV  
  14  0:17  Supply Depot  
  14  0:24  SCV  
  15  0:39  SCV  
  15  0:41  Barracks  
  16  0:45  Refinery  
  16  0:51  SCV  
  17  1:03  SCV  
  18  1:16  SCV  
  19  1:29  Reaper  
  19  1:30  Orbital Command  
  20  1:42  Command Center  
  20  1:52  Supply Depot  
  20  1:56  SCV  
  20  2:00  Refinery  
  21  2:09  Barracks Reactor  
  21  2:11  SCV  
  22  2:19  Factory  
  22  2:23  SCV  
  22  2:28  Barracks Reactor  
  23  2:44  SCV  
  24  2:56  SCV  
  25  3:00  Orbital Command  
  25  3:16  Barracks Tech Lab  
  25  3:19  Hellion  
  29  3:20  Hellion  
  29  3:43  Starport  
  29  3:46  Hellion x2  
  29  3:48  SCV  
  34  4:00  SCV  
  31  4:09  Hellion  
  35  4:10  Hellion  
  35  4:13  SCV  
  36  4:19  Barracks Tech Lab  
  36  4:20  Command Center  
  36  4:26  Barracks  
  36  4:31  Fusion Core  
  36  4:33  Hellion  
  36  4:34  Hellion  
  40  4:39  Stimpack  
  40  4:41  Viking  
  42  4:46  Orbital Command  
  45  5:00  Hellion x2  
  45  5:11  SCV  
  46  5:32  Widow Mine, SCV x2, Supply Depot, Battlecruiser  
  46  5:33  Widow Mine  
  54  5:44  SCV x2  
  54  5:49  Barracks Reactor  
  56  5:52  Orbital Command  
  56  5:55  Supply Depot  
  56  6:13  SCV x2  
  56  6:18  Refinery  
  58  6:24  Supply Depot  
  58  6:25  SCV  
  58  6:27  Factory Tech Lab  
  58  6:31  SCV x2  
  61  6:37  Weapon Refit, SCV  
  61  6:38  Engineering Bay  
  62  6:40  Battlecruiser  
  62  6:43  SCV x2  
  70  6:50  SCV  
  71  6:55  Command Center, SCV  
  71  6:56  SCV  
  71  7:00  Supply Depot, Refinery  
  73  7:09  SCV x2  
  62  7:51  Battlecruiser  
  68  8:39  Command Center  
  68  8:45  Command Center  
  68  8:46  Planetary Fortress  
  68  8:47  SCV  
  68  8:48  SCV x2  
  71  8:50  Hi-Sec Auto Tracking  
  71  8:55  Marine x3  
  74  8:56  Battlecruiser  
  74  8:57  Siege Tank  
  74  8:59  SCV  
  74  9:00  SCV x2  
  86  9:11  SCV  
  86  9:12  Marine, SCV  
  86  9:13  Marine x2  
  91  9:29  Armory  
  91  9:30  Marine x2  
  93  9:32  Armory  
  93  9:41  SCV  
  93  9:42  SCV x3, Starport x2  
  97  9:46  Refinery  
  97  9:47  Neosteel Armor  
  97  9:49  Refinery  
  97  9:54  SCV  
  97  9:58  Orbital Command  
  98  10:02  SCV x3  
  98  10:06  SCV  
  77  10:52  Battlecruiser  
  83  11:04  Planetary Fortress  
  83  11:05  Command Center  
  83  11:06  SCV x4  
  83  11:09  Terran Vehicle And Ship Armor Level 1  
  83  11:10  Terran Ship Weapons Level 1  
  83  11:11  Medivac  
  89  11:18  SCV x4  
  93  11:30  SCV x2  
  83  11:53  SCV x2  
  83  11:54  SCV x2  
  87  11:56  Refinery  
  87  11:58  Starport Tech Lab, Refinery  
  82  12:21  SCV x5  
  87  12:33  SCV  
  86  12:48  Battlecruiser x2  
  98  12:55  Planetary Fortress  
  98  13:01  Command Center  
  98  13:05  Liberator x2  
  104  13:07  SCV x3  
  104  13:08  Command Center  
  107  13:16  Terran Ship Weapons Level 2, Terran Vehicle And Ship Armor Level 2  
  107  13:29  Starport  
  107  13:30  Siege Tank  
  107  13:32  Starport  
  110  13:35  Starport  
  110  13:36  Missile Turret  
  110  13:42  Missile Turret  
  110  14:02  Siege Tank  
  113  14:22  Battlecruiser x2  
  125  14:24  Orbital Command x2  
  125  14:35  Advanced Ballistics  
  125  14:44  SCV x4  
  125  14:45  SCV  
  130  14:54  Starport Tech Lab x3  
  130  15:04  Refinery  
  130  15:19  Command Center  
  130  15:21  Command Center  
  130  15:22  Refinery  
  130  15:25  Battlecruiser  
  128  15:58  Battlecruiser x3  
  133  16:41  Battlecruiser x2  
  145  16:49  Missile Turret  
  145  17:04  Planetary Fortress  
  145  17:06  Missile Turret  
  145  17:07  Missile Turret  
  145  17:10  Command Center  
  145  17:11  Command Center  
  145  17:14  Command Center  
  145  17:26  Command Center  
  145  17:32  Battlecruiser  
  145  17:36  Raven  
  153  17:52  Raven  
  153  17:58  Marine x3  
  158  18:16  Marine x3  
  158  18:19  Command Center, Battlecruiser  
  167  18:30  Battlecruiser  
  167  18:34  Marine x3  
  152  18:52  Marine x3  
  140  18:56  Terran Ship Weapons Level 3, Terran Vehicle And Ship Armor Level 3  
  140  19:10  Marine  
  140  19:17  Orbital Command  
  141  19:28  Battlecruiser  
  147  19:35  Battlecruiser  
  147  19:36  Unknown, Missile Turret  
  147  19:37  Missile Turret  
  153  19:45  Planetary Fortress  
  127  21:12  Orbital Command  
  127  21:16  Barracks  
  127  21:19  Barracks  
  127  21:22  Barracks  
Tags
 
Add a new tag
Caveats
  • Supply blocks, unpowered buildings, or Contaminate may cause inaccurate times.
  • Supply counts are checked every 10 seconds.